 Dungeon Crawl Stone Soup version 0.27-a0-1116-g91b3acb402 (webtiles) character file.

Game seed: 13121209310352318774

151 dickylongcocking the Magician (level 5, 0/37 HPs)
             Began as a Djinni Fire Elementalist on May 2, 2021.
             Slain by an orc
             ... wielding a +0 trident
              (6 damage)
             ... on level 3 of the Dungeon.
             The game lasted 00:02:14 (3541 turns).

dickylongcocking the Magician (DjFE)                Turns: 3541, Time: 00:02:15

Health: 0/37       AC:  5    Str:  7    XL:     5   Next: 33%
Gold:   126        EV: 12    Int: 18    God:
                   SH:  0    Dex: 13

rFire    + + .     SeeInvis .   m - staff of air
rCold    x . .     Faith    .   (no shield)
rNeg     . . .     Spirit   .   c - +0 leather armour
rPois    ∞         Reflect  .   k - +0 helmet
rElec    +         Harm     .   e - +0 cloak
rCorr    .         Rampage  .   (no gloves)
Will     +....                  (boots unavailable)
Stlth    ++........             (no amulet)
HPRegen  0.12/turn              f - ring of willpower
MPRegen  0.00/turn              (no ring)

@: flying, very slightly contaminated
A: fire resistance 2, cold vulnerability 1, float, innate caster, hp casting,
extra vitality 1
a: no special abilities


You were on level 3 of the Dungeon.
You visited 1 branch of the dungeon, and saw 3 of its levels.

You collected 126 gold pieces.

Inventory:

Hand Weapons
 d - a +0 rapier
 h - a +2 whip of venom
Armour
 a - a +0 robe
 c - a +0 leather armour (worn)
 e - a +0 cloak (worn)
 k - a +0 helmet (worn)
Magical Staves
 m - a staff of air (weapon)
Jewellery
 f - a ring of willpower (left hand)
Wands
 j - a wand of flame (15)
Scrolls
 g - a scroll of identify {unknown}
 l - 2 scrolls of teleportation {unknown}
 n - a scroll of magic mapping {unknown}
Potions
 b - 2 potions of curing {unknown}
 i - a potion of might {unknown}


   Skills:
 + Level 1.0 Fighting
 + Level 0.6 Short Blades
 + Level 0.2 Maces & Flails
 + Level 2.1 Armour
 + Level 2.6 Dodging
 + Level 2.0 Stealth
 + Level 3.9 Spellcasting


You couldn't memorise any spells.
You knew the following spells:

 Your Spells              Type           Power      Damage    Failure   Level
a - Foxfire               Conj/Fire      68%        2x1d7     4%          1
b - Conjure Flame         Conj/Fire      17%        6-21      13%         3
c - Inner Flame           Hex/Fire       17%        N/A       13%         3
d - Sticky Flame          Conj/Fire      17%        2d4       38%         4
e - Fireball              Conj/Fire      8%         3d6       75%         5
f - Sandblast             Erth           34%        2d9       4%          1
g - Poisonous Vapours     Pois/Air       52%        N/A       6%          2
Your spell library was empty.

Dungeon Overview and Level Annotations

Branches:
Dungeon (3/15)

Altars:
Xom

Shops:
D:2 [


Innate Abilities, Weirdness & Mutations

You are immune to poison.
Your flesh is very heat resistant. (rF++)
You are vulnerable to cold. (rC-)
You float through the air rather than walking.
You learn spells naturally, not from books.
Your magical power is your life essence.
You have superior vitality. (+4 HP)


Message History

r - Retreat! s - Stop attacking. g - Guard the area. f - Follow me.
Anything else - Cancel.
Gang up on whom?
Press: ? - help, Dir - move target, f - orc
Aim: an orc, wielding a +0 trident and wearing a +0 chain mail (ally target) Attack!
Your foxfire dissipates!
The foxfire hits the orc but does no damage.
The foxfire hits something.
Reactivating autopickup.
You feel a bit more experienced.
Your Fighting skill increases to level 1!
Your Armour skill increases to level 2!
Casting: Foxfire (safe; 4% risk of failure)
Confirm with . or Enter, or press ? or * to list all spells.
You conjure some foxfire!
* * * LOW HITPOINT WARNING * * *
Unknown command.
There are monsters nearby!
There are monsters nearby!
Casting: Foxfire (safe; 4% risk of failure)
Confirm with . or Enter, or press ? or * to list all spells.
You miscast Foxfire.
You are very lightly contaminated with residual magic.
Nothing appears to happen.
* * * LOW HITPOINT WARNING * * *
The foxfire hits the iron imp.
The iron imp completely resists.
What are your orders? t - Shout!
Orders for allies: a - Attack new target. p - Attack previous target. r - Retreat! s - Stop attacking. g - Guard the area. f - Follow me.
Anything else - Cancel.
Gang up on whom?
Press: ? - help, Dir - move target, f/p - orc
Aim: an orc, wielding a +0 trident and wearing a +0 chain mail Attack!
The foxfire hits the iron imp.
The iron imp completely resists.
The orc hits you from afar with a +0 trident.
You die...

##..##...........#
#..###............ #.##
#..........# ##### ###.#
#..o.......## ....# #...#
#....))......
....###.##########)######
†..).............o).......
....###.########§.........
#######.# #@§........ #..#
#§.§....... #####.#####
###.§§.......
#.........###.#..§...≈..§
#.............#...§≈§8≈≈§
#.........#####...≈≈§5§≈
#.........# #..≈≈.5..
#.........# #.§§..5..
###########


You could see 3 iron imps and an orc.

Vanquished Creatures
  An orc priest (D:3)
  An orc wizard (D:3)
  Robin (D:2)
  2 adders (D:2)
  2 worms (D:2)
  2 orcs (D:3)
  6 ball pythons
  4 endoplasms
  A giant cockroach (D:3)
  15 goblins
  9 hobgoblins
  A quokka (D:2)
  A bat (D:1)
  A frilled lizard (D:1)
  4 kobolds
  5 rats
56 creatures vanquished.

Vanquished Creatures (collateral kills)
  2 foxfires (D:2)
2 creatures vanquished.

Vanquished Creatures (others)
  178 foxfires
  13 plants (D:2)
191 creatures vanquished.

Grand Total: 249 creatures vanquished

Notes
Turn   | Place    | Note
-------+----------+-------------------------------------------
     0 | D:1      | dickylongcocking the Djinni Fire Elementalist began the
                  | quest for the Orb.
     0 | D:1      | Reached XP level 1. HP: 15/15 MP: 0/0
    41 | D:1      | Found a faded altar of an unknown god.
   294 | D:1      | Found a shimmering altar of Xom.
   555 | D:1      | Reached skill level 3 in Spellcasting
   555 | D:1      | Reached XP level 2. HP: 19/21 MP: 0/0
  1119 | D:2      | Noticed Robin
  1129 | D:2      | Reached XP level 3. HP: 12/25 MP: 0/0
  1129 | D:2      | Learned a level 1 spell: Sandblast
  1424 | D:2      | Found Iteoge Juiq's Antique Armour Shop.
  2426 | D:2      | Reached XP level 4. HP: 31/31 MP: 0/0
  2437 | D:2      | Reached skill level 1 in Armour
  2701 | D:2      | Killed Robin
  3521 | D:3      | Reached XP level 5. HP: 22/36 MP: 0/0
  3521 | D:3      | Learned a level 2 spell: Poisonous Vapours
  3539 | D:3      | Reached skill level 1 in Fighting
  3541 | D:3      | Slain by an orc

Illustrated notes

Levels and vault maps discovered:
D:1:      dpeg_arrival_water_altar, layout_rooms,
          ebering_ecumenical_altar_sacrificial, st_stairs_7
D:2:      layout_loops_ring, serial_shops, shop, serial_bayou,
          serial_bayou_crossing, serial_bayou_shore_a, serial_bayou_pond_b,
          serial_bayou_shore_b, minmay_misc_feat_x, st_stairs_3,
          minmay_misc_feat_enclosed, minmay_randomly_rotated_circles, uniq_robin
D:3:      layout_rooms, demons_altar, lemuel_round_altar

Skill      XL: |  1  2  3  4  5 |
---------------+----------------+-----
Spellcasting   | 3 |  3.9
Armour         | 1 2 |  2.1
Stealth        | 2 |  2.0
Fighting       | 1 |  1.0
Short Blades   | |  0.6
Maces & Flails | |  0.2
Dodging        | |  2.6

Action                   |  1- 3 |  4- 6 || total
-------------------------+-------+-------++-------
Melee: Rapier            |    37 |       ||    37
       Whip              |     1 |     8 ||     9
       Staff             |       |     4 ||     4
 Cast: Foxfire           |    71 |    38 ||   109
       Inner Flame       |       |     2 ||     2
 Stab: Sleeping          |     4 |       ||     4
Armor: Leather armour    |    15 |     6 ||    21
Dodge: Dodged            |    45 |    25 ||    70

Table legend: (Time is in decaauts)
 A = Elapsed time spent in this place.
 B = Non-inter-level travel time spent in this place.
 C = Inter-level travel time spent in this place.
 D = Time resting spent in this place.
 E = Time spent auto-exploring this place.
 F = Levels seen in this place.
 G = Mean time per level.
                   A        B        C        D        E       F      G
               +--------+--------+--------+--------+--------+-----+--------+
         Total |   3547 |   3508 |     39 |      0 |   3052 |   3 | 1182.3 |
       Dungeon |   3547 |   3508 |     39 |      0 |   3052 |   3 | 1182.3 |
               +--------+--------+--------+--------+--------+-----+--------+

Top non-repeatable levels by time:
     D:2: 2231 daAuts
     D:1: 845 daAuts
     D:3: 471 daAuts
